 Dungeon Crawl Stone Soup version 0.29.0-4-gdea44cf6ec (webtiles) character file.

Game seed: 6731310292792774384

72 qw the Chopper (level 4, -2/26 HPs)
             Began as a Tengu Warper on Aug 28, 2022.
             Slain by Sigmund
             ... wielding a +0 scythe
              (7 damage)
             ... on level 3 of the Dungeon.
             The game lasted 00:00:13 (2529 turns).

qw the Chopper (Tengu Warper)                       Turns: 2529, Time: 00:00:13

Health: -2/26      AC:  8    Str: 14    XL:     4   Next: 26%
Magic:  8/8        EV:  6    Int: 13    God:
Gold:   183        SH:  0    Dex: 13    Spells: 7/7 levels left

rFire   . . .      SeeInvis .   Y - +0 hand axe
rCold   . . .      Faith    .   (no shield)
rNeg    . . .      Spirit   .   g - +0 chain mail
rPois   .          Reflect  .   (helmet restricted)
rElec   .          Harm     .   (no cloak)
rCorr   .          Rampage  .   (no gloves)
Will    .....                   (boots unavailable)
Stlth   ..........              (no amulet)
HPRegen 0.08/turn               (no ring)
MPRegen 0.11/turn               (no ring)

@: no status effects
A: beak, talons 3
a: no special abilities


You were on level 3 of the Dungeon.
You visited 1 branch of the dungeon, and saw 3 of its levels.

You collected 183 gold pieces.


Innate Abilities, Weirdness & Mutations

You have a beak for a mouth.
You have claws for feet.


   Skills:
 - Level 2.0 Fighting
 + Level 4.8 Axes
 - Level 1.0 Throwing
 - Level 1.1 Armour
 - Level 2.1 Dodging
 - Level 2.0 Spellcasting
 - Level 2.4 Translocations


You had 7 spell levels left.
You didn't know any spells.
Your spell library contained the following spells:

 Spells                   Type           Power      Damage    Failure   Level
 Blink                    Tloc           14%        N/A       99%         2
 Gell's Gravitas          Tloc           7%         N/A       100%        3
 Lesser Beckoning         Tloc           7%         N/A       100%        3
 Teleport Other           Tloc           7%         N/A       100%        3
 Manifold Assault         Tloc           7%         N/A       100%        5

Inventory:

Hand Weapons
 b - a +0 mace
 Y - a +0 hand axe (weapon)
Armour
 g - a +0 chain mail (worn)
Scrolls
 a - a scroll of silence {unknown}
 c - a scroll of amnesia {unknown}
Potions
 d - 2 potions of attraction {unknown}
 e - a potion of haste {unknown}
 h - a potion of mutation {unknown}
 i - a potion of degeneration {unknown}

Dungeon Overview and Level Annotations

Branches:
Dungeon (3/15)

Altars:

Annotations:
D:3 Sigmund


Message History

You start resting.
You hear the slow rusting of a very distant drain. x2
You hear the rusting of a very distant drain.
HP restored.
Found an escape hatch in the floor.
Found a ring mail.
Sigmund the Dreaded comes into view.
He is wielding a +0 scythe.
Sigmund shouts!
Sigmund gestures at you while chanting. The puff of flame hits you.
Sigmund gestures at you while chanting.
You are confused.
Sigmund hits you with a +0 scythe!
You barely miss Sigmund. You claw Sigmund.
Sigmund is moderately wounded.
You bump into the metal wall.
Sigmund points at you and mumbles some strange words.
You are more confused.
Sigmund hits you with a +0 scythe.
You're too confused to move!
Sigmund hits you but does no damage.
You bump into the metal wall.
You closely miss Sigmund. Your kick misses Sigmund. You peck Sigmund.
Sigmund is moderately wounded.
Sigmund hits you with a +0 scythe. Sigmund barely misses you.
You bump into the rock wall.
You feel less confused. Sigmund barely misses you.
You hit Sigmund. You claw Sigmund, but do no damage.
Sigmund is moderately wounded.
You slash Sigmund! You claw Sigmund. Your punch misses Sigmund.
Sigmund is almost dead.
Sigmund gestures wildly while chanting.
Sigmund flickers and vanishes!
Deactivating autopickup; reactivate with Ctrl-A.
You barely miss something. Your kick misses something.
Your peck misses something. Something hits you!
You die...

#...##.........>
#.[.##....######
#.......##
#...#...#
#...#...#
#.$###### ##.!#
#.{.# #.@.#
#.### #.# ..#
####


There were no monsters in sight!

Vanquished Creatures
  2 adders
  A worm (D:2)
  3 dart slugs
  6 endoplasms
  A giant cockroach (D:2)
  5 hobgoblins
  A quokka (D:2)
  5 ball pythons
  6 bats
  A frilled lizard (D:1)
  4 goblins
  6 kobolds
  4 rats
45 creatures vanquished.

Notes
Turn   | Place    | Note
-------+----------+-------------------------------------------
     0 | D:1      | qw the Tengu Warper began the quest for the Orb.
     0 | D:1      | Reached XP level 1. HP: 12/12 MP: 4/4
     0 | D:1      | 0 ||| qw: Version: 0.1-a-89-g26bdef1
     0 | D:1      | 0 ||| qw: Game counter: 766
     0 | D:1      | 0 ||| qw: Always use a shield: true
     0 | D:1      | 0 ||| qw: God list: Okawaru
     0 | D:1      | 0 ||| qw: Allow faded altars: false
     0 | D:1      | 0 ||| qw: Do Orc after D:15 true
     0 | D:1      | 0 ||| qw: Do second Lair branch before Depths: true
     0 | D:1      | 0 ||| qw: Lair rune preference: random
     0 | D:1      | 0 ||| qw: Plans: Normal
     0 | D:1      | 0 ||| PLANNING D:1-11
    45 | D:1      | Reached XP level 2. HP: 17/17 MP: 6/6
    90 | D:1      | Reached skill level 3 in Axes
   116 | D:1      | 116 ||| Stepping ~*~*~tactically~*~*~ (stealth).
   162 | D:1      | 162 ||| Stepping ~*~*~tactically~*~*~ (stealth).
   166 | D:1      | 166 ||| Stepping ~*~*~tactically~*~*~ (stealth).
   169 | D:1      | 169 ||| Stepping ~*~*~tactically~*~*~ (stealth).
   178 | D:1      | 178 ||| Stepping ~*~*~tactically~*~*~ (stealth).
  1268 | D:1      | 1268 ||| UPGRADING to +0 robe of cold resistance.
  1278 | D:1      | 1278 ||| DROPPING +0 leather armour.
  1279 | D:1      | 1279 ||| UPGRADING to +0 ring mail.
  1289 | D:1      | 1289 ||| DROPPING +0 robe of cold resistance.
  1290 | D:1      | 1290 ||| UPGRADING to +0 chain mail.
  1300 | D:1      | 1300 ||| DROPPING +0 ring mail.
  1301 | D:1      | 1301 ||| READING scroll labelled VOMOISSE WIAWK.
  1302 | D:1      | 1302 ||| DROPPING scroll of blinking.
  1353 | D:2      | 1353 ||| STAIRDANCE
  1357 | D:1      | Reached XP level 3. HP: 19/21 MP: 7/7
  1457 | D:2      | Reached skill level 4 in Axes
  1548 | D:2      | 1548 ||| FLEEEEING.
  1549 | D:2      | 1549 ||| FLEEEEING.
  1756 | D:2      | 1756 ||| DROPPING +0 club.
  1763 | D:2      | 1763 ||| Stepping ~*~*~tactically~*~*~ (stealth).
  1764 | D:2      | 1764 ||| Stepping ~*~*~tactically~*~*~ (stealth).
  1903 | D:2      | Reached XP level 4. HP: 26/26 MP: 8/8
  2208 | D:2      | 2208 ||| READING scroll labelled INEAQE QUNU.
  2211 | D:2      | 2211 ||| READING scroll labelled UTUNLONTURGH.
  2212 | D:2      | 2212 ||| READING scroll labelled TUCSIFANED.
  2228 | D:3      | 2228 ||| PLANNING SEWER
  2247 | D:3      | 2247 ||| FLEEEEING.
  2248 | D:3      | 2248 ||| FLEEEEING.
  2249 | D:3      | 2249 ||| FLEEEEING.
  2250 | D:3      | 2250 ||| FLEEEEING.
  2251 | D:3      | 2251 ||| STAIRDANCE
  2296 | D:3      | Identified the +1 leather armour of Beogh's Inspiration
                  | {Str-4 Int-5 Slay+4 Stlth+}
  2513 | D:3      | Noticed Sigmund
  2524 | D:3      | HP: 5/26 [Sigmund/+0 scythe (6)]
  2529 | D:3      | Slain by Sigmund

Levels and vault maps discovered:
D:1:      minmay_arrival_five_plusses, layout_basic, corexii_leaking_fountain,
          st_stairs_3
D:2:      layout_loops_cross
D:3:      layout_rooms, mainiacjoe_overflow_surrounded_room, xom_butterflies,
          cheibrodos_sewer_entry_bend, hellmonk_ecumenical_altar_lost_god,
          uniq_sigmund

Skill      XL: |  1  2  3 |
---------------+----------+-----
Axes           | 3 4 |  4.8
Fighting       | |  2.0
Throwing       | |  1.0
Armour         | |  1.1
Dodging        | |  2.1
Spellcasting   | |  2.0
Translocations | |  2.4

Action                   |  1- 3 |  4- 6 || total
-------------------------+-------+-------++-------
Melee: Hand axe          |    88 |    16 ||   104
       Kick              |    22 |     7 ||    29
       Peck              |     8 |     3 ||    11
       Punch             |     1 |       ||     1
Throw: Boomerang         |     7 |       ||     7
  Use: Scroll            |     1 |     3 ||     4
Armor: Leather armour    |     4 |       ||     4
       Chain mail        |    37 |    11 ||    48
Dodge: Dodged            |    31 |     7 ||    38

Table legend:
 A = Non-vault XP
 B = Vault XP
 C = Vault XP percentage of total XP
 D = Non-vault monster count
 E = Vault monster count
 F = Vault count percentage of total count
                 A         B        C        D         E       F
            +---------+---------+-------+---------+---------+-------
      Total |     102 |       2 |   1.9 |      43 |       2 |   4.4
            +---------+---------+-------+---------+---------+-------
        D:1 |      32 |       2 |   5.9 |      19 |       2 |   9.5
        D:2 |      52 |       0 |   0.0 |      20 |       0 |   0.0
        D:3 |      18 |       0 |   0.0 |       4 |       0 |   0.0
            +---------+---------+-------+---------+---------+-------
